 Dungeon Crawl Stone Soup version 0.19-a0-734-ge18daf0 (webtiles) character file.

67 zero the Poker (level 4, -2/37 HPs)
             Began as a Minotaur Gladiator on June 22, 2016.
             Slain by a gnoll
             ... wielding a +0 halberd
              (12 damage)
             ... on level 2 of the Dungeon.
             The game lasted 00:01:21 (958 turns).

zero the Poker (Minotaur Gladiator)                  Turns: 958, Time: 00:01:21

Health: -2/37      AC:  8    Str: 20    XL:     4   Next: 0%
Magic:  3/3        EV:  8    Int:  5    God:
Gold:   73         SH:  0    Dex: 11    Spells: 0 memorised, 3 levels left

rFire  . . .     SeeInvis .     a - +0 trident
rCold  . . .     Gourm    .     k - +0 chain mail
rNeg   . . .     Faith    .     (no shield)
rPois  .         Spirit   .     c - +0 hat
rElec  .         Dismiss  .     (no cloak)
rCorr  .         Reflect  .     (no gloves)
SustAt .         Harm     .     (no boots)
MR     .....                    (no amulet)
Stlth  ..........               (no ring)
                                (no ring)

@: not resistant to hostile enchantments, extremely unstealthy
A: retaliatory headbutt, horns 2
a: no special abilities


You were on level 2 of the Dungeon.
You were not hungry.

You visited 1 branch of the dungeon, and saw 2 of its levels.

You collected 73 gold pieces.

Inventory:

Hand Weapons
 a - a +0 trident (weapon)
Missiles
 d - 3 throwing nets (quivered)
Armour
 c - a +0 hat (worn)
 k - a +0 chain mail (worn)
Scrolls
 b - a scroll of blinking {unknown}
 h - a scroll of immolation {unknown}
 i - a scroll of identify {unknown}
 n - a scroll of teleportation {unknown}
 o - a scroll of magic mapping {unknown}
Potions
 e - a potion of degeneration {unknown}
 l - a potion of heal wounds {unknown}
 m - a potion of brilliance {unknown}
Comestibles
 f - a bread ration
 g - 3 meat rations
 j - a slice of pizza


   Skills:
 - Level 2.4 Fighting
 + Level 5.9 Polearms
 - Level 2.0 Throwing
 - Level 3.2 Dodging


You had 3 spell levels left.
You didn't know any spells.

Dungeon Overview and Level Annotations

Branches:
Dungeon (2/15)

Altars:


Innate Abilities, Weirdness & Mutations

You reflexively headbutt those who attack you in melee.
You have a pair of horns on your head.


Message History

The gnoll is heavily wounded.
The gnoll hits you from afar with a halberd!
* * * LOW HITPOINT WARNING * * *
You are too injured to fight recklessly!
You are too injured to fight recklessly!
You are too injured to fight recklessly!
Evoke which item? (* to show all) (? for menu, Esc to quit)
Attack whom?
Press: ? - help, Dir - move target cursor, f/p - gnoll
Aim: a gnoll, wielding a halberd (heavily wounded)
You reach to attack!
You hit the gnoll but do no damage.
The gnoll is heavily wounded.
Evoke which item? (* to show all) (? for menu, Esc to quit)
Attack whom?
Press: ? - help, Dir - move target cursor, f/p - gnoll
Aim: a gnoll, wielding a halberd (heavily wounded)
You reach to attack!
You closely miss the gnoll.
The gnoll is heavily wounded.
The gnoll hits you from afar with a halberd!
You die...

#.# #.# #.# #####
#####.#####......
#......g.)..#
#.###.#####.# #.#
#...g.# .. #.# #####.#
## #.#######@#
#.........#
#######.###.###.#
#.......# #.# #.#
#.###.### #.# #.# #.#
#.# #.# #.# #.# #.#
#.###.## #.#
#.#####.##...#####
##.###.##.............#


You could see a gnoll.

Vanquished Creatures
  Ijyb (D:2)
  A gnoll (D:2)
  An ooze (D:2)
  A giant gecko (D:2)
  A bat (D:1)
  2 giant cockroaches (D:1)
  3 goblins (D:1)
  5 hobgoblins
  3 jackals (D:1)
  4 kobolds
  3 rats (D:1)
25 creatures vanquished.

Notes
Turn   | Place    | Note
--------------------------------------------------------------
     0 | D:1      | zero the Minotaur Gladiator began the quest for the Orb.
     0 | D:1      | Reached XP level 1. HP: 18/18 MP: 0/0
    78 | D:1      | Reached skill level 4 in Polearms
   237 | D:1      | Reached XP level 2. HP: 25/25 MP: 1/1
   869 | D:2      | Reached skill level 5 in Polearms
   898 | D:2      | Reached XP level 3. HP: 30/30 MP: 2/2
   924 | D:2      | Noticed Ijyb
   951 | D:2      | Killed Ijyb
   951 | D:2      | Reached XP level 4. HP: 17/37 MP: 3/3
   958 | D:2      | Slain by a gnoll

Vault maps used:
D:1:      lemuel_arrival_cross
D:2:      hangedman_decor_clover_reticule, uniq_iyjb

Skill      XL: |  1  2 |
---------------+-------+-----
Polearms       | 4 5 |  5.9
Fighting       | |  2.4
Throwing       | |  2.0
Dodging        | |  3.2

Action                   |  1- 3 |  4- 6 || total
-------------------------+-------+-------++-------
Melee: Trident           |    71 |     7 ||    78
       Headbutt          |     8 |       ||     8
Armor: Leather armour    |     7 |       ||     7
       Chain mail        |    16 |       ||    16
Dodge: Dodged            |    28 |     4 ||    32
